 Dungeon Crawl Stone Soup version 0.31.0-1-g2c135a008e (webtiles) character file.

Game seed: 17766740036719665188

273 qw the Shooter (level 6, -1/47 HPs)
             Began as a Djinni Hunter on Jan 23, 2024.
             Slain by a troll zombie (12 damage)
             ... in an ossuary.
             The game lasted 00:00:09 (1907 turns).

qw the Shooter (Djinni Hunter)                      Turns: 1907, Time: 00:00:10

Health: -1/47      AC:  5    Str: 10    XL:     6   Next: 48%
Gold:   20         EV: 11    Int: 11    God:
                   SH:  0    Dex: 18

rFire   + + .        e - +9 shortbow of the Shore {freeze, rN+ Will+}
rCold   x . .        (shield currently unavailable)
rNeg    + . .        b - +0 ring mail
rPois   inf          (no helmet)
rElec   .            (no cloak)
rCorr   .            (no gloves)
SInv    .            (boots unavailable)
Will    +....        (no amulet)
Stlth   +            (no ring)
HPRegen 0.27/turn    (no ring)
MPRegen 0.00/turn

%: infuse magic (-2 HP)
@: about to teleport, flying
A: sickness immunity, fire resistance 2, cold vulnerability 1, float, innate
caster, HP casting, extra vitality 1
a: no special abilities


You were in an ossuary.
You visited 1 branch of the dungeon, and saw 4 of its levels.
You also visited: Ossuary.

You collected 202 gold pieces.
You spent 182 gold pieces at shops.


Innate Abilities, Weirdness & Mutations

You are immune to sickness and miasma.
You are immune to poison.
Your flesh is very heat resistant. (rF++)
You are vulnerable to cold. (rC-)
You float through the air rather than walking.
You learn spells naturally, not from books.
Your magical power is your life essence.
You have superior vitality. (+4 MHP)


   Skills:
 + Level 3.8 Fighting
 - Level 5.0 Ranged Weapons
 - Level 1.1 Armour
 - Level 3.0 Dodging
 - Level 0.7 Stealth


You knew the following spells:

 Your Spells              Type           Power      Damage    Failure   Level
a - Summon Small Mammal   Summ           0%         N/A       65%         1
b - Searing Ray           Conj           0%         2d4       80%         2
Your spell library was empty.

Inventory:

Hand Weapons
 e - the +9 shortbow of the Shore (weapon) {freeze, rN+ Will+}
   (You acquired it on level 1 of the Dungeon)

   rN+:       It protects you from negative energy.
   Will+:     It increases your willpower.
Armour
 b - a +0 ring mail (worn)
Scrolls
 d - a scroll of teleportation
Potions
 a - 2 potions of might
 c - a potion of resistance
 f - a potion of cancellation {unknown}
 h - 3 potions of curing
 k - a potion of brilliance {unknown}

Dungeon Overview and Level Annotations

Branches:
Dungeon (4/15)             Temple (0/1) D:4         Ossuary (1/1)

Altars:

Shops:
D:4 !


Message History

You shoot an arrow. The arrow hits the mummy.
The mummy is lightly damaged.
You shoot an arrow. The arrow hits the mummy!
The arrow freezes the mummy.
The mummy is severely damaged.
You shoot an arrow. The arrow hits the mummy!
The arrow freezes the mummy.
You destroy the mummy!
You reach down and open the door.
There is an open door here.
You reach down and open the door.
A troll zombie comes into view.
You shoot an arrow. The arrow hits the troll zombie.
The troll zombie is lightly damaged.
The troll zombie closely misses you. The troll zombie claws you.
The troll zombie barely misses you.
You shoot an arrow. The arrow hits the troll zombie!
The troll zombie is lightly damaged.
The troll zombie barely misses you. x2; The troll zombie claws you!
You shoot an arrow. The arrow hits the troll zombie!
The arrow freezes the troll zombie.
The troll zombie is heavily damaged.
The troll zombie closely misses you.
The troll zombie claws you but does no damage.
The troll zombie completely misses you.
You shoot an arrow. The arrow hits the troll zombie!
The troll zombie is severely damaged.
The troll zombie misses you. The troll zombie closely misses you.
The troll zombie claws you.
You shoot an arrow.
The arrow barely misses the troll zombie.
The troll zombie bites you but does no damage.
The troll zombie claws you! x2
You shoot an arrow. The arrow hits the troll zombie!
The troll zombie is almost destroyed.
The troll zombie completely misses you. The troll zombie claws you!
The troll zombie claws you but does no damage.
1907 ||| READING 2 scrolls of teleportation.
As you read the scroll of teleportation, it crumbles to dust.
You feel strangely unstable. The troll zombie bites you!
You die...

#########################
........................\
.........................
###+###'###'###'###'###..
#.@.#...#...#...#..
##Z####'##'####.#..
...#....#....#.#..
....#....#....###..
#....#....#....#.'..
#....#....#....#.#..
###+############.#..
#....###.. #....#.'..


You could see a troll zombie.

Vanquished Creatures
  A centaur zombie (Ossuary)
  A gnoll bouda (D:4)
  An orc wizard (D:4)
  2 mummies (Ossuary)
  3 gnolls (D:4)
  5 adders
  A ribbon worm zombie (D:4)
  An adder zombie (Ossuary)
  2 ribbon worms
  5 orcs
  4 ball pythons
  6 bats
  7 endoplasms
  3 giant cockroaches
  2 gnoll zombies (Ossuary)
  6 goblins
  5 hobgoblins
  5 quokkas
  4 frilled lizards
  A goblin zombie (Ossuary)
  A hobgoblin zombie (Ossuary)
  5 kobolds
  A kobold zombie (Ossuary)
  5 rats
  A rat zombie (Ossuary)
78 creatures vanquished.

Notes
Turn   | Place    | Note
-------+----------+-------------------------------------------
     0 | D:1      | qw the Djinni Hunter began the quest for the Orb.
     0 | D:1      | Reached XP level 1. HP: 18/18 MP: 0/0
     0 | D:1      | 0 ||| qw: Version: 0.3-a-135-gb77e89d
     0 | D:1      | 0 ||| qw: Game counter: 823
     0 | D:1      | 0 ||| qw: Melee chars always use a shield: true
     0 | D:1      | 0 ||| qw: God list: Okawaru
     0 | D:1      | 0 ||| qw: Allow faded altars: false
     0 | D:1      | 0 ||| qw: Do Orc after clearing Dungeon:15 true
     0 | D:1      | 0 ||| qw: Do second Lair branch before Depths: true
     0 | D:1      | 0 ||| qw: Lair rune preference: random
     0 | D:1      | 0 ||| qw: Goals: Normal
     0 | D:1      | 0 ||| PLANNING D:1-11
    68 | D:1      | Reached XP level 2. HP: 23/23 MP: 0/0
   166 | D:1      | Reached XP level 3. HP: 28/28 MP: 0/0
   166 | D:1      | Learned a level 1 spell: Summon Small Mammal
   185 | D:1      | Reached skill level 4 in Ranged Weapons
   488 | D:1      | 488 ||| DROPPING +6 ring of intelligence.
   489 | D:1      | 489 ||| READING scroll labelled OFEFAXZ HEAQOSK.
   489 | D:1      | 489 ||| ENCHANTING +0 shortbow.
   490 | D:1      | 490 ||| READING scroll labelled XINEKKEFERPH.
   490 | D:1      | 490 ||| IDENTIFYING emerald potion
   491 | D:1      | 491 ||| READING scroll labelled CIL XUFIXKOGH.
   492 | D:1      | 492 ||| READING scroll labelled OSYURCH ZIPNE.
   492 | D:1      | Identified a scroll of acquirement
   492 | D:1      | 492 ||| ACQUIRING +9 shortbow of the Shore {freeze, rN+
                  | Will+}
   492 | D:1      | Acquired the +9 shortbow of the Shore {freeze, rN+ Will+}
   494 | D:1      | 494 ||| SWAPPING to +9 shortbow of the Shore {freeze, rN+
                  | Will+}.
   495 | D:1      | 495 ||| DROPPING +0 shortbow.
   496 | D:1      | 496 ||| READING scroll labelled HUJOM WAEMEDGHO.
   499 | D:1      | 499 ||| READING scroll labelled LASAES OTEUCVE.
   500 | D:1      | 500 ||| DRINKING 2 golden potions.
   501 | D:1      | 501 ||| DROPPING scroll of butterflies.
   502 | D:1      | 502 ||| DROPPING potion of attraction.
   503 | D:1      | 503 ||| DROPPING potion of ambrosia.
   778 | D:2      | Reached XP level 4. HP: 34/34 MP: 0/0
   785 | D:2      | Reached skill level 3 in Fighting
   879 | D:2      | 879 ||| UPGRADING to +0 ring mail.
   889 | D:2      | 889 ||| DROPPING +0 leather armour.
   890 | D:2      | 890 ||| READING scroll labelled WAUJESHR DAOLI.
   891 | D:2      | 891 ||| READING scroll labelled OSUJ EGAKYU.
   892 | D:2      | 892 ||| DRINKING 2 viscous pink potions.
   996 | D:2      | 996 ||| DROPPING potion of berserk rage.
  1006 | D:3      | 1006 ||| STAIRDANCE
  1015 | D:3      | 1015 ||| STAIRDANCE
  1081 | D:3      | Reached skill level 1 in Armour
  1394 | D:3      | 1394 ||| READING scroll of identify.
  1394 | D:3      | 1394 ||| IDENTIFYING metallic blue potion
  1395 | D:3      | 1395 ||| READING scroll labelled IHAONG AVIMADA.
  1405 | D:4      | 1405 ||| PLANNING OSSUARY
  1488 | D:4      | Found a staircase to the Ecumenical Temple.
  1502 | D:4      | Reached XP level 5. HP: 36/40 MP: 0/0
  1502 | D:4      | Learned a level 2 spell: Searing Ray
  1586 | D:4      | Reached skill level 5 in Ranged Weapons
  1709 | D:4      | Found Unyalayj's Distillery.
  1712 | D:4      | Reached XP level 6. HP: 46/46 MP: 0/0
  1720 | D:4      | 1720 ||| BUYING 2 potions of might (104 gold).
  1720 | D:4      | Bought 2 potions of might for 104 gold pieces
  1720 | D:4      | 1720 ||| BUYING potion of curing (39 gold).
  1720 | D:4      | Bought a potion of curing for 39 gold pieces
  1720 | D:4      | 1720 ||| BUYING potion of curing (39 gold).
  1720 | D:4      | Bought a potion of curing for 39 gold pieces
  1720 | D:4      | 1720 ||| SHOPLISTING potion of curing (39 gold, have 8).
  1720 | D:4      | 1720 ||| SHOPLISTING potion of enlightenment (65 gold, have
                  | 8).
  1720 | D:4      | 1720 ||| SHOPLISTING potion of haste (130 gold, have 8).
  1720 | D:4      | 1720 ||| SHOPLISTING potion of mutation (104 gold, have 8).
  1739 | D:4      | Reached skill level 3 in Dodging
  1760 | D:4      | Found a sand-covered staircase.
  1767 | Ossuary  | Entered an ossuary
  1906 | Ossuary  | HP: 10/47 [troll zombie (9)]
  1907 | Ossuary  | 1907 ||| READING 2 scrolls of teleportation.
  1907 | Ossuary  | Slain by a troll zombie

Levels and vault maps discovered:
D:1:      evilmike_arrival_fibonacci_small, layout_rooms,
          chequers_serial_rivers_micro_b, minmay_split_cup_small
D:2:      layout_rooms, basic_altar
D:3:      layout_rooms
D:4:      layout_loops_corners, nzn_wu_jian_council_hall,
          general_overflow_altar, kennysheep_mini_moat,
          lemuel_mausoleum_altar_kikubaaqudgha, minmay_temple_entry_tees,
          serial_shops, nicolae_square_shop, shop, enter_ossuary_3,
          minmay_manual_monolith, uniq_crazy_yiuf_cottage
Ossuary:  ossuary_boxes_badplayer

Skill      XL: |  1  2  3  4  5  6 |
---------------+-------------------+-----
Ranged Weapons | 4 5 |  5.0
Fighting       | 3 |  3.8
Armour         | 1 |  1.1
Dodging        | 3 |  3.0
Stealth        | |  0.7

Action                     |  1- 3 |  4- 6 || total
---------------------------+-------+-------++-------
   Fire: Shortbow          |    82 |   101 ||   183
    Use: Scroll            |     6 |     5 ||    11
         Potion            |     1 |     1 ||     2
 Armour: Leather armour    |    15 |       ||    15
         Ring mail         |       |    28 ||    28
  Dodge: Dodged            |    18 |    30 ||    48

Table legend:
 A = Non-vault XP
 B = Vault XP
 C = Vault XP percentage of total XP
 D = Non-vault monster count
 E = Vault monster count
 F = Vault count percentage of total count
                 A         B        C        D         E       F
            +---------+---------+-------+---------+---------+-------
      Total |     284 |     106 |  27.2 |      64 |      14 |  17.9
            +---------+---------+-------+---------+---------+-------
        D:1 |      33 |       4 |  10.8 |      19 |       3 |  13.6
        D:2 |      40 |       0 |   0.0 |      17 |       0 |   0.0
        D:3 |      37 |       0 |   0.0 |      14 |       0 |   0.0
        D:4 |     174 |      10 |   5.4 |      14 |       1 |   6.7
    Ossuary |       0 |      92 | 100.0 |       0 |      10 | 100.0
            +---------+---------+-------+---------+---------+-------
